 Dungeon Crawl Stone Soup version 0.31.0-11-ge490571c62 (webtiles) character file.

Game seed: 932653148035393883

3 browni3141 the Cudgeller (level 1, -2/21 HPs)
             Began as a Naga Monk on Feb 1, 2024.
             Slain by an orc
             ... wielding a +0 mace
              (7 damage)
             ... on level 2 of the Dungeon.
             The game lasted 00:00:21 (31 turns).

browni3141 the Cudgeller (Naga Monk)                  Turns: 31, Time: 00:00:21

Health: -2/21      AC:  1    Str: 13    XL:     1   Next: 50%
Magic:  1/1        EV: 10    Int: 10    God:
Gold:   0          SH:  0    Dex: 13    Spells: 0/0 levels left

rFire   . . .        a - +0 mace
rCold   . . .        d - orb {light}
rNeg    . . .        b - +0 robe
rPois   +            (no helmet)
rElec   .            (no cloak)
rCorr   .            (no gloves)
SInv    +            (no barding)
Will    .....        (no amulet)
Stlth   +            (no ring)
HPRegen 0.23/turn    (no ring)
MPRegen 0.07/turn

%: no passive effects
@: short of breath, glowing, very slow
A: AC +0, large, see invisible, deformed body, poison resistance, slowness 2,
spit poison 1, naga tail 1
a: Spit Poison


You were on level 2 of the Dungeon.
You visited 1 branch of the dungeon, and saw 3 of its levels.

Inventory:

Hand Weapons
 a - a +0 mace (weapon)
Armour
 b - a +0 robe (worn)
 d - an orb of light (worn)
Scrolls
 e - a scroll of teleportation {unknown}
Potions
 c - a potion of ambrosia


   Skills:
 + Level 3.0 Fighting
 + Level 3.1 Maces & Flails
 + Level 2.4 Dodging


You couldn't memorise any spells.
You didn't know any spells.
Your spell library was empty.

Dungeon Overview and Level Annotations

Branches:
Dungeon (3/15)

Altars:


Innate Abilities, Weirdness & Mutations

Your serpentine skin is tough. (AC +0)
You have supernaturally acute eyesight. (SInv)
Armour fits poorly on your strangely shaped body.
Your system is resistant to poisons. (rPois)
You cover ground very slowly.
You can spit poison.
You have a snake-like lower body.


Message History

Welcome, browni3141 the Naga Monk.
Everyone else who sought the Orb of Zot has failed.
Will you be different?
Press ? for a list of commands and other information.
Found an escape hatch in the floor.
Found a staircase leading out of the dungeon.
Setting a skill training target for Axes at 18.0.
Setting a skill training target for Invocations at 14.0.
Setting a skill training target for Throwing at 11.0.
There is an escape hatch in the floor here.
You slide downwards.
The hatch slams shut behind you.
Found a stone staircase leading down.
A frilled lizard comes into view.
The frilled lizard hisses angrily.
The frilled lizard bites you. The frilled lizard closely misses you.
You hit the frilled lizard.
You kill the frilled lizard!
You see here a frilled lizard corpse.
e - a scroll labelled REDGHE UGGUGILL You see here a frilled lizard corpse.
Autopickup is now off.
There is a stone staircase leading down here.
You climb downwards.
The kobold shouts!
The orc shouts!
The kobold shouts!
You hear a shout! x3
You hear a loud squeak.
Found a dagger and a leather armour.
Found a stone staircase leading up.
There is a stone staircase leading up here.
The splash of poison hits the frilled lizard.
The frilled lizard is poisoned.
You kill the frilled lizard!
The kobold throws a stone.
The stone misses you.
There is a stone staircase leading up here.
You climb upwards.
You have got your breath back.
There is a stone staircase leading down here.
You climb downwards.
The orc shouts!
There is a stone staircase leading up here.
The splash of poison hits the orc!
The orc is poisoned.
You kill the orc!
A rat comes into view.
You climb upwards.
There is a stone staircase leading down here.
You hit the orc but do no damage. The orc completely misses you.
The orc hits you with a +0 mace.
You hit the orc but do no damage.
You have got your breath back.
The orc hits you with a +0 mace.
Aiming: Spit Poison (3% risk of failure)
Press: ? - help, Q - select action Shift-Dir - straight line, f - orc
Aim: an orc, wielding a +0 mace and wearing a +0 chain mail (haloed, 81% to hit)
The splash of poison hits the orc but does no damage.
The orc hits you with a +0 mace!
You barely miss the orc. The orc hits you with a +0 mace!
You die...

############
#...........
#...o.......
#...@.......
#...........
#...........
#...........
####+#######


You could see an orc.

Vanquished Creatures
  An orc (D:3)
  2 frilled lizards
3 creatures vanquished.

Notes
Turn   | Place    | Note
-------+----------+-------------------------------------------
     0 | D:1      | browni3141 the Naga Monk began the quest for the Orb.
     0 | D:1      | Reached XP level 1. HP: 21/21 MP: 1/1
    17 | D:3      | Noticed an orc wizard
    20 | D:3      | Noticed an orc priest
    31 | D:2      | Slain by an orc

Illustrated notes

Levels and vault maps discovered:
D:1:      lightli_molten_gateway, layout_basic
D:2:      layout_basic, minmay_fountain_box
D:3:      layout_rooms, ebering_ecumenical_altar_webs, uniq_robin

Action                     || total
---------------------------++-------
  Melee: Mace              ||     4
Ability: Spit Poison       ||     3
 Armour: Robe              ||     5
  Dodge: Dodged            ||     3
